 Dungeon Crawl Stone Soup version 0.30.0-19-g36f170ea60 (webtiles) character file.

Game seed: 11533418905849897912

20337 Bnni the Impaler (level 13, -12/108 HPs)
             Began as a Formicid Fighter on May 29, 2023.
             Was an Initiate of Yredelemnul.
             Mangled by a death yak simulacrum (30 damage)
             ... in an ice cave.
             The game lasted 00:22:28 (13419 turns).

Bnni the Impaler (Formicid Fighter)                Turns: 13419, Time: 00:22:29

Health: -12/108    AC: 14    Str: 31    XL:     13   Next: 11%
Magic:  19/21      EV:  7    Int:  9    God:    Yredelemnul [......]
Gold:   442        SH:  5    Dex: 13    Spells: 12/12 levels left

rFire   . . .        N - +3 halberd
rCold   . . .        c - +0 buckler
rNeg    . . .        x - +0 plate armour
rPois   +            (helmet unavailable)
rElec   .            L - scarf {+Inv}
rCorr   .            u - +1 pair of gloves
SInv    +            C - +0 pair of boots
Will    +....        (no amulet) Stlth
                     E - +6 ring of strength
HPRegen 0.38/turn    P - ring of poison resistance
MPRegen 0.17/turn

%: no passive effects
@: studying Dodging
A: permanent stasis, dig shafts and tunnels, antennae 3, four strong arms
a: Dig, Renounce Religion, Evoke Invisibility, Recall Undead Harvest


You were in an ice cave.
You worshipped Yredelemnul.
Yredelemnul was aware of your devotion.
You visited 1 branch of the dungeon, and saw 12 of its levels.
You also visited: Ice Cave.

You collected 595 gold pieces.
You spent 153 gold pieces at shops.

Inventory:

Hand Weapons
 I - a +0 spear of venom
 N - a +3 halberd (weapon)
Missiles
 o - 6 silver boomerangs
 w - 6 javelins
 y - 3 curare-tipped darts
 z - 6 boomerangs
 O - 2 silver javelins
Armour
 c - a +0 buckler (worn)
 u - a +1 pair of gloves (worn)
 x - a +0 plate armour (worn)
 C - a +0 pair of boots (worn)
 L - a scarf of invisibility (worn)
Jewellery
 E - a +6 ring of strength (left hand)
 P - a ring of poison resistance (right hand)
 Q - a ring of flight
Wands
 b - a wand of iceblast (13)
 d - a wand of paralysis (13)
 j - a wand of mindburst (8)
 k - a wand of polymorph (9)
 H - a wand of flame (26)
Scrolls
 f - a scroll of summoning {unknown}
 q - 2 scrolls of fog {unknown}
 r - 2 scrolls of immolation {unknown}
 s - 3 scrolls of noise {unknown}
 t - 2 scrolls of enchant armour {unknown}
 v - 3 scrolls of fear
 A - a scroll of torment
 B - 2 scrolls of silence
 J - a scroll of amnesia
Potions
 a - a potion of resistance {unknown}
 e - 8 potions of ambrosia
 g - 6 potions of heal wounds
 h - 5 potions of curing
 i - 2 potions of attraction
 l - 3 potions of brilliance {unknown}
 m - a potion of magic {unknown}
 n - a potion of haste {unknown}
 p - 2 potions of berserk rage {unknown}
 D - a potion of lignification {unknown}
 F - 3 potions of invisibility
 G - 3 potions of might
 K - 2 potions of mutation {unknown}


   Skills:
 + Level 12.2 Fighting
 * Level 15.1 Polearms
 - Level 3.2 Armour
 - Level 4.0 Shields
 + Level 11.5 Invocations


You had 12 spell levels left.
You didn't know any spells.
Your spell library contained the following spells:

 Spells                   Type           Power      Damage    Failure   Level
 Kiss of Death            Conj/Necr      0%         2d5       99%         1
 Slow                     Hex            0%         N/A       99%         1
 Confusing Touch          Hex            0%         N/A       100%        3
 Frozen Ramparts          Ice            0%         1d1       100%        3
 Ozocubu's Armour         Ice            0%         N/A       100%        3
 Vampiric Draining        Necr           0%         2d6       100%        3
 Dispel Undead            Necr           0%         3d6       100%        4
 Ice Form                 Ice/Tmut       0%         N/A       100%        4
 Summon Ice Beast         Ice/Summ       0%         N/A       100%        4
 Conjure Ball Lightning   Conj/Air       0%         3x3d6     100%        6
 Ozocubu's Refrigeration  Ice            0%         4d7       100%        7
 Discord                  Hex            0%         N/A       100%        8
 Disjunction              Tloc           0%         N/A       100%        8


Dungeon Overview and Level Annotations

Branches:
Dungeon (12/15)            Temple (0/1) D:6            Lair (0/5) D:11
    Orc (0/2) D:11          IceCv (1/1)

Altars:
Cheibriados
Fedhas
Gozag
Kikubaaqudgha
Nemelex Xobeh
Ru
Sif Muna
Trog
Uskayaw
Vehumet
Wu Jian
Xom
Yredelemnul
Zin

Shops:
D:4 *   D:7 !   D:9 !


Innate Abilities, Weirdness & Mutations

You cannot be hasted, slowed, berserked, paralysed or teleported.
You can dig through walls and to a lower floor.
You have a pair of large antennae on your head. (SInv)
Your four strong arms can wield two-handed weapons with a shield.


Message History

You puncture the polar bear simulacrum!
The polar bear simulacrum is severely damaged.
You slash the polar bear simulacrum!
The polar bear simulacrum vaporises!
You reach to attack!
You hit the death yak simulacrum.
The death yak simulacrum is lightly damaged.
You slash the death yak simulacrum!
The death yak simulacrum is moderately damaged.
You slash the death yak simulacrum!
The death yak simulacrum is heavily damaged.
The death yak simulacrum gores you but does no damage.
You hit the death yak simulacrum but do no damage.
The death yak simulacrum is heavily damaged.
You puncture the death yak simulacrum!
The death yak simulacrum is almost destroyed.
The death yak simulacrum gores you but does no damage.
The death yak simulacrum gores you! The death yak simulacrum freezes you!!
You slice the death yak simulacrum!!
The death yak simulacrum vaporises!
You hit the death yak simulacrum.
The death yak simulacrum is lightly damaged.
The death yak simulacrum gores you. The death yak simulacrum freezes you!
You are too injured to fight recklessly!
You slice the death yak simulacrum!!
The death yak simulacrum is heavily damaged.
The death yak simulacrum gores you but does no damage.
You completely miss the death yak simulacrum.
The death yak simulacrum is heavily damaged.
You hit the death yak simulacrum but do no damage.
The death yak simulacrum is heavily damaged.
The death yak simulacrum gores you! The death yak simulacrum freezes you!!
* * * LOW HITPOINT WARNING * * *
You hit the death yak simulacrum but do no damage.
The death yak simulacrum is heavily damaged.
Unknown command.
You feel much better. The death yak simulacrum gores you!
* * * LOW HITPOINT WARNING * * *
The death yak simulacrum freezes you!!
You die...
Your body rises from the dead as a mindless zombie.

#### ##..##
##....### .
#.......##..
#.∩.∩.......
#.......Z..#
##...Z##..##
##.@## ##
####


You could see a death yak simulacrum.

Vanquished Creatures
  The ghost of P0WERM0DE the Martial Artist, a novice MeMo (D:9)
  A two-headed ogre (D:8)
  2 manticores
  2 gargoyles (D:11)
  A rime drake (D:12)
  An unseen horror (D:10)
  A troll (D:10)
  A queen bee (D:10)
  A hornet (D:9)
  Grinder (D:5)
  A dream sheep (D:7)
  2 shadows
  31 yaks
  A vampire mosquito (D:11)
  A death yak simulacrum (IceCv)
  4 steam dragons
  Edmund (D:5)
  2 water moccasins
  2 orc warriors (D:9)
  A hornet zombie (D:5)
  An ice beast (D:7)
  3 black bears
  A wolf (D:12)
  An ogre (D:5)
  3 centaurs
  2 phantoms
  A gnoll sergeant (D:7)
  2 scorpions
  3 bullfrogs
  8 wights
  35 killer bees
  2 howler monkeys
  A jelly (D:8)
  A bullfrog zombie (D:5)
  3 hounds
  2 orc priests
  3 sleepcaps
  Jessica (D:2)
  3 iguanas
  3 orc wizards
  A polar bear simulacrum (IceCv)
  A wolf simulacrum (IceCv)
  A killer bee zombie (D:5)
  A hound zombie (D:5)
  A human simulacrum (D:9)
  A howler monkey zombie (D:5)
  3 gnolls (D:7)
  6 adders
  2 white imps
  3 ufetubi
  An adder zombie (D:5)
  A worm (D:2)
  A dart slug (D:1)
  24 orcs
  5 endoplasms
  7 giant cockroaches
  7 goblins
  8 hobgoblins
  4 quokkas
  5 ball pythons
  6 bats
  2 frilled lizards
  6 kobolds
  3 rats
237 creatures vanquished.

Vanquished Creatures (collateral kills)
  A two-headed ogre (D:8)
  A boulder beetle (D:11)
  A deep elf pyromancer (D:12)
  A cyclops (D:9)
  A gargoyle (D:12)
  2 trolls
  2 polar bears (D:12)
  8 yaks
  A wyvern (D:9)
  A steam dragon (D:9)
  3 vampire mosquitoes (D:11)
  3 water moccasins (D:11)
  A centaur (D:8)
  A phantom (D:6)
  2 bullfrogs
  2 scorpions
  2 wights (D:9)
  7 killer bees
  A howler monkey (D:8)
  2 orc priests
  A sleepcap (D:5)
  An iguana (D:6)
  A shadow imp (D:6)
  3 ufetubi
  4 orcs
53 creatures vanquished.

Vanquished Creatures (others)
  4 dream sheep (D:7)
  2 spectral dream sheep (D:7)
  A water moccasin zombie (D:7)
  8 yak zombies
  A centaur zombie (D:9)
  A bullfrog zombie (D:7)
  15 killer bee zombies
  A human simulacrum (D:9)
  3 steam dragon zombies
  An orc (D:9)
  4 gnoll zombies (D:7)
  7 orc zombies
48 creatures vanquished.

Grand Total: 338 creatures vanquished

Notes
Turn   | Place    | Note
-------+----------+-------------------------------------------
     0 | D:1      | Bnni the Formicid Fighter began the quest for the Orb.
     0 | D:1      | Reached XP level 1. HP: 18/18 MP: 1/1
   148 | D:1      | Reached XP level 2. HP: 18/24 MP: 2/2
   264 | D:1      | Reached XP level 3. HP: 29/29 MP: 3/3
   286 | D:1      | Reached skill level 3 in Polearms
  1195 | D:2      | Reached XP level 4. HP: 37/37 MP: 4/4
  1233 | D:2      | Noticed Jessica
  1249 | D:2      | Killed Jessica
  1529 | D:2      | Reached skill level 4 in Polearms
  1651 | D:2      | Found a faded altar of an unknown god.
  2340 | D:3      | Reached XP level 5. HP: 41/42 MP: 5/5
  2561 | D:3      | Found a bloodstained altar of Trog.
  2626 | D:3      | Found a sparkling altar of Nemelex Xobeh.
  3024 | D:4      | Found a sacrificial altar of Ru.
  3091 | D:4      | Noticed a phantom
  3107 | D:4      | Killed a phantom
  3108 | D:4      | Reached skill level 5 in Fighting
  3108 | D:4      | Reached skill level 5 in Polearms
  3108 | D:4      | Reached XP level 6. HP: 38/51 MP: 6/6
  3322 | D:4      | Found Zin's Purification Station.
  3325 | D:4      | Found a glowing silver altar of Zin.
  3721 | D:4      | Found an opulent altar of Gozag.
  3858 | D:5      | Entered Level 5 of the Dungeon
  3858 | D:5      | Noticed Grinder
  3876 | D:5      | Noticed an ogre
  3881 | D:5      | Killed Grinder
  3882 | D:5      | Reached skill level 6 in Polearms
  3882 | D:5      | Reached XP level 7. HP: 17/56 MP: 7/7
  4049 | D:5      | Found an ancient bone altar of Kikubaaqudgha.
  4052 | D:5      | Found a blossoming altar of Fedhas.
  4105 | D:5      | Reached XP level 8. HP: 17/64 MP: 8/8
  4376 | D:5      | Reached skill level 7 in Polearms
  4376 | D:5      | Found a basalt altar of Yredelemnul.
  4387 | D:5      | Became a worshipper of Yredelemnul the Dark
  4452 | D:5      | Noticed Edmund
  4478 | D:5      | Killed Edmund
  4479 | D:5      | Reached skill level 1 in Invocations
  4577 | D:5      | Reached * piety under Yredelemnul
  4606 | D:5      | Reached ** piety under Yredelemnul
  5184 | D:5      | Found a snail-covered altar of Cheibriados.
  5338 | D:6      | Reached skill level 8 in Polearms
  5388 | D:6      | Reached XP level 9. HP: 19/72 MP: 11/11
  5747 | D:6      | Found a staircase to the Ecumenical Temple.
  5790 | D:6      | Found a radiant altar of Vehumet.
  5988 | D:6      | Reached skill level 9 in Polearms
  6120 | D:6      | Reached *** piety under Yredelemnul
  6367 | D:7      | Reached skill level 5 in Invocations
  6663 | D:7      | Found Qampog's Distillery.
  6671 | D:7      | Bought a potion of heal wounds for 75 gold pieces
  6671 | D:7      | Bought a potion of curing for 45 gold pieces
  6812 | D:7      | Found a shimmering altar of Xom.
  6917 | D:7      | Reached skill level 10 in Polearms
  6922 | D:7      | Reached XP level 10. HP: 78/80 MP: 14/14
  7643 | D:8      | Reached skill level 11 in Polearms
  8111 | D:8      | Found a shimmering blue altar of Sif Muna.
  8127 | D:8      | Found a hide-covered altar of Uskayaw.
  8420 | D:8      | Noticed a two-headed ogre
  8426 | D:8      | Killed a two-headed ogre
  8671 | D:8      | Noticed a two-headed ogre
  8682 | D:8      | Killed a two-headed ogre
  8683 | D:8      | Reached XP level 11. HP: 14/89 MP: 15/17
  9438 | D:9      | Reached skill level 12 in Polearms
  9455 | D:9      | Reached skill level 10 in Fighting
 10013 | D:9      | Found Gemappiemp's Distillery.
 10020 | D:9      | Bought a potion of curing for 33 gold pieces
 10063 | D:9      | Noticed a manticore
 10074 | D:9      | Killed a manticore
 10082 | D:9      | Found a runed translucent door.
 10089 | D:9      | Noticed P0WERM0DE's ghost (novice MeMo)
 10098 | D:9      | Killed P0WERM0DE's ghost
 10567 | D:9      | Noticed a cyclops
 10575 | D:9      | Killed a cyclops
 10576 | D:9      | Reached skill level 13 in Polearms
 10620 | D:10     | Entered Level 10 of the Dungeon
 10783 | D:10     | Reached XP level 12. HP: 66/99 MP: 19/19
 11139 | D:10     | Reached skill level 10 in Invocations
 11297 | D:10     | Reached **** piety under Yredelemnul
 11301 | D:10     | Reached ***** piety under Yredelemnul
 11304 | D:10     | Reached skill level 14 in Polearms
 11538 | D:10     | Found an ornate altar of the Wu Jian Council.
 11900 | D:11     | Noticed a boulder beetle
 11909 | D:11     | Killed a boulder beetle
 11982 | D:11     | Found a staircase to the Lair.
 12372 | D:11     | Noticed Sonja
 12382 | D:11     | Killed Sonja
 12382 | D:11     | Enslaved Sonja
 13005 | D:11     | Found a staircase to the Orcish Mines.
 13359 | D:12     | Reached XP level 13. HP: 96/108 MP: 21/21
 13371 | D:12     | Found a frozen archway.
 13386 | D:12     | Reached skill level 15 in Polearms
 13401 | IceCv    | Entered an ice cave
 13419 | IceCv    | Mangled by a death yak simulacrum

Illustrated notes

Levels and vault maps discovered:
D:1:      dpeg_arrival_connections, layout_basic, roderic_lattice_a
D:2:      layout_basic, hellmonk_ecumenical_altar_prayer_group,
          minmay_misc_feat_iff, hex_tiny, uniq_jessica
D:3:      layout_basic, lightli_temple_of_fire, nemelex_spade_bored_becter,
          minmay_hedge_maze
D:4:      layout_loops_ring, zin_purify, nicolae_ru_awakened_eye,
          grunt_gozag_breadcrumbs
D:5:      layout_gridville, grunt_temple_overflow_growth_and_decay,
          nicolae_yredelemnul_corpse_copse, cheibriados_altar_1, uniq_grinder,
          uniq_edmund
D:6:      layout_cave_pools, mainiacjoe_overflow_alcove_4,
          minmay_temple_entry_hall, minmay_door_square,
          kennysheep_generic_room_3
D:7:      layout_cave_pods, kb_xom_exploding_sheep, serial_shops,
          nicolae_shop_industrial_runoff, chequers_serial_rivers_micro_a,
          glass_columns_b
D:8:      layout_layer_cave, mainiacjoe_overflow_swirl, minmay_manual_macuahuitl
D:9:      nicolae_cairo_tiling_large_dashed, layout_basic,
          ebering_ghost_reflecting_pool, serial_shops,
          nicolae_shop_window_shopping, chequers_hall_statues_corner_a,
          minmay_tree_intersection, bh_circular_ruins
D:10:     layout_roguey [special_room_bee], nicolae_overflow_crystal_walls
D:11:     layout_stronghold, due_lair_maze_entry_diamond, uniq_sonja
D:12:     layout_irregular_city, portal_ice_cave_entry_animals_and_master,
          st_stairs_11, grunt_ministairs_8
IceCv:    ice_cave_small_necro

Skill      XL: |  1  2  3  4  5  6  7  8  9 10 11 12 13 |
---------------+----------------------------------------+-----
Polearms       | 3 4 5 6 8 10 11 13 14 15 | 15.1
Fighting       | 4 5 6 7 8 9 10 12 | 12.2
Invocations    | 3 5 8 9 11 | 11.5
Armour         | |  3.2
Shields        | |  4.0

Action                     |  1- 3 |  4- 6 |  7- 9 | 10-12 | 13-15 || total
---------------------------+-------+-------+-------+-------+-------++-------
  Melee: Trident           |    98 |   162 |    76 |       |       ||   336
         War axe           |       |       |    84 |       |       ||    84
         Flail             |       |       |    11 |       |       ||    11
         Halberd           |       |       |    34 |   478 |    35 ||   547
  Throw: Javelin           |       |     6 |       |       |       ||     6
         Boomerang         |       |     2 |       |       |       ||     2
         Dart              |       |       |       |     4 |       ||     4
 Invoke: Recall Undead Har |       |       |     2 |     4 |       ||     6
         Dark Bargain      |       |       |     1 |       |       ||     1
         Bind Soul         |       |       |       |     2 |       ||     2
         Drain Life        |       |       |       |       |     1 ||     1
Ability: Dig               |       |       |     1 |     4 |     1 ||     6
  Evoke: Wand              |       |       |     2 |       |       ||     2
    Use: Scroll            |       |     3 |     3 |     5 |       ||    11
         Potion            |       |     2 |     2 |     2 |     1 ||     7
   Stab: Paralysed         |       |       |    10 |       |       ||    10
         Distracted        |       |       |       |     8 |     1 ||     9
 Armour: Scale mail        |    40 |    46 |    57 |       |       ||   143
         Plate armour      |       |       |    32 |   166 |     6 ||   204
  Dodge: Dodged            |    22 |    51 |    98 |    93 |     2 ||   266
  Block: Buckler           |    16 |    28 |    44 |    86 |     3 ||   177
